Map: Incorporeal LE

Players

Batsking

  • Race: Protoss Protoss
  • League: Diamond
  • Spawn Location: 5:00

ManlyManMeat - Winner!

  • Race: Zerg Zerg
  • League: Diamond
  • Spawn Location: 11:00

VOD

Have the link to the VOD?

Description

Time

  • Played on: July 13, 2025, 2:17 p.m.
  • Length: 11:14
Show
View Real Time Build Order
Export as new Build Order

Batsking Protoss 

Build Orders: 1 Gate Expand, Chargelot Immortal 

Get SALT Encoding   

  12  0:00  Probe  
  13  0:12  Probe  
  14  0:20  Pylon  
  14  0:24  Probe  
  15  0:38  Probe  
  16  0:43  Gateway  
  16  0:48  Probe  
  16  0:56  Probe  
  18  1:05  Probe  
  18  1:09  Assimilator  
  19  1:17  Probe  
  20  1:29  Probe  
  20  1:31  Nexus  
  21  1:40  Pylon  
  21  1:42  Zealot  
  23  1:54  Forge  
  23  2:06  Cybernetics Core  
  23  2:11  Assimilator  
  23  2:19  Probe  
  24  2:22  Warp Gate  
  24  2:26  Photon Cannon  
  24  2:31  Probe  
  25  2:37  Gateway  
  25  2:43  Probe  
  26  2:55  Probe  
  26  2:58  Probe  
  28  3:04  Gateway  
  28  3:07  Probe  
  28  3:10  Probe  
  30  3:13  Twilight Council  
  30  3:19  Probe  
  31  3:21  Protoss Ground Weapons Level 1  
  31  3:26  Photon Cannon  
  31  3:27  Probe  
  31  3:29  Charge  
  32  3:37  Gateway, Probe  
  33  3:45  Probe  
  34  3:53  Probe  
  35  3:57  Pylon  
  35  4:00  Probe  
  36  4:07  Probe  
  37  4:10  Stalker  
  37  4:13  Sentry  
  37  4:15  Probe  
  42  4:18  Gateway  
  42  4:20  Probe  
  43  4:26  Sentry  
  43  4:29  Pylon, Probe  
  46  4:34  Pylon  
  46  4:37  Probe  
  47  4:39  Stalker  
  47  4:44  Stalker  
  51  4:48  Gateway  
  51  4:53  Zealot x2  
  55  5:01  Probe  
  55  5:03  Probe  
  55  5:06  Pylon  
  57  5:10  Zealot  
  57  5:11  Zealot  
  57  5:13  Zealot  
  63  5:20  Pylon  
  63  5:21  Assimilator  
  63  5:22  Zealot  
  63  5:23  Zealot  
  67  5:28  Robotics Facility  
  67  5:36  Probe  
  67  5:37  Probe  
  67  5:46  Zealot x4  
  68  5:56  Zealot  
  66  5:59  Probe  
  66  6:02  Probe  
  68  6:09  Immortal  
  68  6:11  Probe  
  69  6:15  Probe  
  69  6:17  Nexus  
  69  6:18  Pylon  
  74  6:29  Phoenix  
  74  6:30  Pylon, Probe  
  75  6:36  Robotics Facility  
  75  6:42  Observer  
  75  6:45  Probe, Assimilator  
  76  6:48  Photon Cannon  
  76  6:51  Shield Battery  
  77  6:55  Probe  
  77  6:59  Immortal  
  77  7:00  Zealot x3  
  85  7:14  Stalker x3  
  71  7:27  Stalker  
  71  7:28  Zealot x2  
  73  7:33  Immortal, Probe  
  73  7:35  Probe  
  73  7:37  Probe  
  76  7:41  Immortal  
  84  7:45  Probe  
  84  7:47  Probe  
  84  7:49  Probe  
  87  7:56  Photon Cannon  
  87  7:57  Probe  
  88  7:59  Probe, Assimilator, Protoss Ground Weapons Level 2  
  89  8:06  Probe  
  89  8:12  Observer, Robotics Bay  
  90  8:14  Robotics Facility  
  90  8:16  Probe  
  90  8:19  Probe  
  93  8:24  Probe  
  94  8:28  Observer, Pylon  
  94  8:30  Pylon  
  94  8:32  Probe  
  95  8:34  Forge, Assimilator  
  95  8:37  Observer  
  95  8:38  Observer  
  97  8:49  Extended Thermal Lance  
  97  8:50  Colossus  
  97  8:52  Colossus  
  97  8:55  Observer  
  110  9:06  Probe  
  111  9:10  Gateway  
  111  9:15  Nexus  
  111  9:18  Observer, Pylon  
  111  9:19  Probe  
  111  9:20  Pylon  
  111  9:23  Assimilator  
  113  9:31  Probe  
  114  9:36  Observer  
  113  9:40  Stalker  
  113  9:44  Colossus  
  119  9:49  Zealot x2  
  119  9:50  Zealot  
  109  9:55  Zealot x2  
  99  10:03  Stalker  
  97  10:09  Colossus  
  97  10:11  Immortal  
  100  10:29  Zealot x5  
  106  10:42  Probe  
  105  10:49  Probe  
  106  11:02  Nexus  
Show
View Real Time Build Order
Export as new Build Order

ManlyManMeat Zerg - Winner!

Build Orders: Hatch First, Roach Hydra 

Get SALT Encoding   

  12  0:00  Drone  
  13  0:08  Drone  
  14  0:16  Extractor  
  14  0:17  Drone  
  15  0:22  Overlord  
  15  0:41  Drone  
  16  0:46  Hatchery  
  15  0:52  Drone  
  15  0:56  Drone  
  17  0:58  Drone  
  18  1:11  Extractor  
  17  1:16  Spawning Pool  
  16  1:19  Drone  
  16  1:22  Drone  
  18  1:27  Drone  
  19  1:40  Drone  
  20  2:03  Queen x2  
  20  2:04  Zergling x4  
  26  2:09  Overlord  
  26  2:14  Drone x2  
  28  2:30  Drone  
  28  2:33  Hatchery  
  28  2:42  Drone x3  
  31  2:44  Overlord  
  31  3:01  Drone x2  
  31  3:02  Drone  
  31  3:03  Overlord  
  34  3:07  Queen  
  36  3:16  Drone  
  36  3:17  Drone  
  36  3:18  Drone  
  36  3:19  Drone x3  
  42  3:26  Lair  
  41  3:41  Roach Warren  
  41  3:42  Drone x3, Extractor  
  41  3:43  Drone x2  
  41  3:44  Drone  
  45  3:51  Drone  
  45  3:53  Drone x2, Extractor  
  45  3:54  Drone  
  45  3:55  Drone, Extractor  
  48  4:12  Evolution Chamber  
  47  4:18  Drone  
  47  4:19  Drone x2  
  47  4:20  Drone  
  47  4:21  Drone x3  
  54  4:28  Overseer  
  54  4:32  Hatchery  
  54  4:37  Overlord x2  
  54  4:38  Overlord  
  53  4:54  Overlord x2  
  53  4:57  Roach x7  
  67  5:01  Zerg Missile Weapons Level 1  
  67  5:15  Roach x6  
  67  5:19  Glial Reconstitution  
  79  5:23  Roach x3  
  79  5:28  Overlord  
  85  5:37  Drone x2  
  85  5:39  Drone x3  
  90  5:45  Roach x4  
  84  5:56  Roach x5  
  92  5:57  Roach  
  92  6:03  Ravager  
  92  6:06  Drone x2, Overlord x2  
  92  6:07  Overseer  
  92  6:10  Metabolic Boost  
  94  6:22  Overlord x2  
  94  6:27  Roach x3  
  94  6:28  Roach x2  
  104  6:39  Roach  
  110  6:40  Roach x2  
  110  6:44  Hydralisk Den  
  110  6:46  Ravager x5  
  114  6:50  Roach x2  
  107  7:10  Roach x9  
  102  7:29  Roach  
  110  7:30  Roach x8  
  110  7:34  Drone x2  
  110  7:35  Drone, Extractor  
  110  7:36  Extractor  
  115  7:37  Ravager  
  115  7:43  Ravager  
  117  7:47  Drone x3  
  117  7:48  Overlord x3  
  120  7:57  Overlord x2  
  120  8:03  Grooved Spines  
  120  8:05  Overlord  
  120  8:06  Overlord x2  
  120  8:07  Hydralisk  
  120  8:08  Hydralisk x3  
  128  8:15  Drone x5, Extractor  
  128  8:17  Extractor  
  131  8:21  Drone  
  131  8:22  Drone x5  
  131  8:24  Ravager x2  
  131  8:25  Hydralisk  
  141  8:35  Hydralisk x3  
  147  8:42  Zerg Missile Weapons Level 2  
  147  8:49  Drone x6  
  147  8:54  Hydralisk  
  147  8:55  Hydralisk x2  
  157  9:00  Ravager  
  160  9:06  Muscular Augments  
  160  9:07  Hydralisk x2  
  160  9:09  Zergling x10  
  169  9:12  Hatchery  
  168  9:21  Hydralisk x5  
  144  9:56  Hydralisk x14, Zergling x4  
  160  10:12  Hydralisk x7  
  166  10:38  Infestation Pit  
  160  10:46  Drone x3  
  160  10:47  Drone, Overlord  
  160  10:48  Drone x3  
Tags
 
Add a new tag
Caveats
  • Supply blocks, unpowered buildings, or Contaminate may cause inaccurate times.
  • Supply counts are checked every 10 seconds.